 Dungeon Crawl Stone Soup version 0.29.1-12-g30fa7ad0bf (webtiles) character file.

Game seed: 3015196329920014987

42 Coaxmetal the Digger (level 3, -1/19 HPs)
             Began as a Gargoyle Earth Elementalist on Dec 18, 2022.
             Killed from afar by Sigmund (11 damage)
             ... with a puff of flame
             ... on level 2 of the Dungeon.
             The game lasted 00:02:50 (2017 turns).

Coaxmetal the Digger (Gargoyle Earth Elementalist)  Turns: 2017, Time: 00:02:50

Health: -1/19      AC:  5    Str: 11    XL:     3   Next: 56%
Magic:  6/6        EV: 11    Int: 17    God:
Gold:   85         SH:  0    Dex: 10    Spells: 5/6 levels left

rFire   . . .      SeeInvis .   n - +0 sling
rCold   . . .      Faith    .   (no shield)
rNeg    + . .      Spirit   .   a - +0 robe
rPois   ∞          Reflect  .   (no helmet)
rElec   +          Harm     .   (no cloak)
rCorr   .          Rampage  .   (no gloves)
Will    .....      Clarity  +   (no boots)
Stlth   +.........              (no amulet)
HPRegen 0.06/turn               (no ring)
MPRegen 0.10/turn               (no ring)

@: confused
A: sickness immunity, AC +3, negative energy resistance 1, electricity
resistance, torment resistance 1, petrification resistance, clarity
a: no special abilities


You were on level 2 of the Dungeon.
You visited 1 branch of the dungeon, and saw 2 of its levels.

You collected 85 gold pieces.

Inventory:

Hand Weapons
 e - a +0 short sword
 n - a +0 sling (weapon)
Armour
 a - a +0 robe (worn)
Jewellery
 g - a ring of fire
Scrolls
 c - a scroll of noise {unknown}
 d - 3 scrolls of magic mapping {unknown}
 f - 3 scrolls of teleportation {unknown}
 j - 2 scrolls of identify {unknown}
 m - a scroll of blinking {unknown}
 q - a scroll of enchant armour {unknown}
Potions
 b - a potion of magic
 h - a potion of heal wounds {unknown}
 i - 2 potions of curing {unknown}
 k - a potion of mutation
 l - a potion of ambrosia {unknown}
 o - a potion of berserk rage {unknown}
 p - a potion of resistance {unknown}


   Skills:
 - Level 1.5 Dodging
 + Level 3.5 Stealth
 - Level 2.0 Spellcasting
 - Level 0.7 Transmutations
 + Level 4.6 Earth Magic


You had 5 spell levels left.
You knew the following spells:

 Your Spells              Type           Power      Damage    Failure   Level
a - Sandblast             Erth           34%        2d9       3%          1

Your spell library contained the following spells:

 Spells                   Type           Power      Damage    Failure   Level
 Passwall                 Tmut/Erth      8%         N/A       10%         2
 Stone Arrow              Conj/Erth      18%        3d8       22%         3
 Scorch                   Fire           2%         2d5       28%         2
 Petrify                  Tmut/Erth      10%        N/A       54%         4
 Flame Wave               Conj/Fire      1%         2d4       88%         4
 Summon Cactus Giant      Summ           0%         N/A       100%        6


Dungeon Overview and Level Annotations

Branches:
Dungeon (2/15)

Altars:

Annotations:
D:2 Robin, Sigmund


Innate Abilities, Weirdness & Mutations

You are immune to sickness and miasma.
Your stone body is resilient. (AC +3)
You are immune to poison.
You resist negative energy. (rN+)
You are resistant to electric shocks. (rElec)
You are resistant to unholy torment.
You are immune to petrification.
You possess an exceptional clarity of mind.


Message History

The blast of sand hits the hobgoblin!
You kill the hobgoblin!
You now have 65 gold pieces (gained 10).
You open the door.
There is an open door here.
You now have 82 gold pieces (gained 17).
You now have 85 gold pieces (gained 3).
You open the door.
There is an open door here.
Sigmund the Dreaded comes into view.
He is wielding a +0 scythe.
Sigmund shouts!
Sigmund hits you from afar with a +0 scythe!
Sigmund is nearby!
Sigmund is nearby!
Sigmund is nearby!
Casting: Sandblast (safe; 3% risk of failure)
Confirm with . or Enter, or press ? or * to list all spells.
Aiming: Sandblast (safe; 3% risk of failure)
Press: ? - help, Shift-Dir - straight line, f - Sigmund
Aim: Sigmund, wielding a +0 scythe and wearing a +0 robe (80% to hit)
Okay, then.
Unknown command.
Sigmund is nearby!
Casting: Sandblast (safe; 3% risk of failure)
Confirm with . or Enter, or press ? or * to list all spells.
Aiming: Sandblast (safe; 3% risk of failure)
Press: ? - help, Shift-Dir - straight line, f - Sigmund
Aim: Sigmund, wielding a +0 scythe and wearing a +0 robe (80% to hit)
Okay, then.
Sigmund points at you and mumbles some strange words.
You are confused.
There is an open door here.
It was a potion of mutation.
You feel extremely strange.
Your thoughts seem clearer.
Sigmund gestures at you while chanting.
You feel momentarily confused. Sigmund casts a spell at you.
The puff of flame hits you!
Ouch! That really hurt!
You die...

##...##
##.....##
##.......##
#.........#
+.........+
#.........#
##.......##
##.....##
##.@.## ##'##
#.# #.# #.#
#....@........
#.##.....##...
##...## ##.##


You could see Sigmund.

Vanquished Creatures
  A gnoll (D:1)
  A ball python (D:1)
  2 endoplasms (D:1)
  A giant cockroach (D:2)
  6 goblins
  5 hobgoblins
  2 jackals (D:1)
  3 bats (D:1)
  2 frilled lizards (D:1)
  5 kobolds (D:1)
  A rat (D:1)
29 creatures vanquished.

Notes
Turn   | Place    | Note
-------+----------+-------------------------------------------
     0 | D:1      | Coaxmetal the Gargoyle Earth Elementalist began the quest
                  | for the Orb.
     0 | D:1      | Reached XP level 1. HP: 10/10 MP: 3/3
   165 | D:1      | Reached skill level 4 in Earth Magic
   165 | D:1      | Reached XP level 2. HP: 15/15 MP: 0/5
   363 | D:1      | Reached XP level 3. HP: 15/19 MP: 6/6
  1508 | D:2      | Noticed Robin
  2012 | D:2      | Noticed Sigmund
  2016 | D:2      | Gained mutation: You possess an exceptional clarity of
                  | mind. [potion of mutation]
  2017 | D:2      | Killed from afar by Sigmund

Illustrated notes

Levels and vault maps discovered:
D:1:      dpeg_arrival_morbid_curiosity, layout_basic, serial_park_tiny_2
D:2:      layout_loops_corners, ebering_ecumenical_altar_sacrificial,
          uniq_sigmund, uniq_crazy_yiuf_cottage, uniq_robin

Skill      XL: |  1 |
---------------+----+-----
Stealth        | 3 |  3.5
Earth Magic    | 4 |  4.6
Dodging        | |  1.5
Spellcasting   | |  2.0
Transmutations | |  0.7

Action                   || total
-------------------------++-------
Melee: Short sword       ||    32
 Fire: Sling             ||     4
 Cast: Sandblast         ||    36
  Use: Potion            ||     1
Armor: Robe              ||    39
Dodge: Dodged            ||    56
